 Dungeon Sprint DCSS version 0.32-a0-607-g64ea0e4219 (webtiles) character file.

Game seed: 8201085927884598322

10680 rocky1 the Shatterer (level 16, -3/159 HPs)
             Began as a Mountain Dwarf Fighter on Mar 4, 2024.
             Was an Initiate of Gozag.
             Slain by a catoblepas (10 damage)
             ... while petrified by a catoblepas
             ... in the Dungeon (Sprint VI: "Thunderdome").
             The game lasted 00:27:33 (3386 turns).

rocky1 the Shatterer (Mountain Dwarf Fighter)       Turns: 3386, Time: 00:27:34

Health: -3/159     AC: 39    Str: 41    XL:     16   Next: 42%
Magic:  16/16      EV:  2    Int: 12    God:    Gozag
Gold:   1376       SH:  0    Dex: 14    Spells: 15/15 levels left

rFire   + + +        r - +8 demon whip (heavy)
rCold   + + .        y - +8 tower shield of the Lily {rN++ Dex+2}
rNeg    + + +        R - +0 gold dragon scales
rPois   ∞            j - +2 helmet "Azoil" {Str+3 Int+4}
rElec   +            w - +2 cloak of Absence {rElec rPois Str+3 Dex+2}
rCorr   +            a - +2 pair of gloves "Ruleusch" {+Blink rPois rF+ Int-3 SInv}
SInv    +            v - +2 pair of boots of Cheibriados's Esteem {rPois rN+}
Will    ++...        p - amulet of Pauhe {Reflect rPois rF+ rCorr Dex-2 SH+5} Stlth
                     O - ring "Nacott" {^Drain rN+ Str+7 Dex+4}
HPRegen 0.46/turn    E - ring of the Iron Devil {rPois rC+ Will+}
MPRegen 0.15/turn

%: no teleportation, reflection
@: petrified
A: runic magic, artefact enchanting, mutation resistance 1, strong 1
}: 3/15 runes: serpentine, elven, gossamer
a: Renounce Religion, Evoke Blink, Potion Petition, Call Merchant, Bribe Branch


You were in the Dungeon.
You worshipped Gozag.
Gozag was most pleased with you.
You visited 1 branch You collected 17180 gold pieces.
You spent 15804 gold pieces at shops.

Inventory:

Hand Weapons
 r - a +8 heavy demon whip (weapon)
Armour
 a - the +2 pair of gloves "Ruleusch" (worn) {+Blink rPois rF+ Int-3 SInv}
   (You bought it in a shop in the Dungeon)

   Int-3:     It affects your intelligence (-3).
   rF+:       It protects you from fire.
   rPois:     It protects you from poison.
   SInv:      It lets you see invisible.
   +Blink:    It lets you blink.
 b - a +0 scale mail
 j - the +2 helmet "Azoil" (worn) {Str+3 Int+4}
   (You bought it in a shop in the Dungeon)

   Str+3:     It affects your strength (+3).
   Int+4:     It affects your intelligence (+4).
 s - the +0 buckler "Tuatz" {rElec rCorr Dex+2}
   (You bought it in a shop in the Dungeon)

   Dex+2:     It affects your dexterity (+2).
   rElec:     It insulates you from electricity.
   rCorr:     It protects you from acid and corrosion.
 v - the +2 pair of boots of Cheibriados's Esteem (worn) {rPois rN+}
   (You bought it in a shop in the Dungeon)

   rPois:     It protects you from poison.
   rN+:       It protects you from negative energy.
 w - the +2 cloak of Absence (worn) {rElec rPois Str+3 Dex+2}
   (You bought it in a shop in the Dungeon)

   Str+3:     It affects your strength (+3).
   Dex+2:     It affects your dexterity (+2).
   rElec:     It insulates you from electricity.
   rPois:     It protects you from poison.
 y - the +8 tower shield of the Lily (worn) {rN++ Dex+2}
   (You bought it in a shop in the Dungeon)

   Dex+2:     It affects your dexterity (+2).
   rN++:      It greatly protects you from negative energy.
 z - the +2 kite shield of Dim Light {Will+}
   (You bought it in a shop in the Dungeon)

   Will+:     It increases your willpower.
 A - the +2 buckler of Lust {rPois rC+ Dex-2 SInv}
   (You bought it in a shop in the Dungeon)

   Dex-2:     It affects your dexterity (-2).
   rC+:       It protects you from cold.
   rPois:     It protects you from poison.
   SInv:      It lets you see invisible.
 R - +0 gold dragon scales (worn)
Jewellery
 o - the ring of Fyiczeta {rPois rCorr}
   (You bought it in a shop in the Dungeon)

   [ring of resist corrosion]

   rPois:     It protects you from poison.
   rCorr:     It protects you from acid and corrosion.
 p - the amulet of Pauhe (around neck) {Reflect rPois rF+ rCorr Dex-2 SH+5}
   (You bought it in a shop in the Dungeon)

   [amulet of reflection]

   Reflect:   It reflects blocked missile attacks.
   Dex-2:     It affects your dexterity (-2).
   rF+:       It protects you from fire.
   rPois:     It protects you from poison.
   rCorr:     It protects you from acid and corrosion.
   SH+5:      It affects your SH (+5).
 q - the ring of Hoteve {rPois Int+4 Dex+6}
   (You bought it in a shop in the Dungeon)

   [ring of dexterity]

   Int+4:     It affects your intelligence (+4).
   Dex+6:     It affects your dexterity (+6).
   rPois:     It protects you from poison.
 t - a ring of ice
 B - the ring "Cior" {rPois rN+ Will+ Int+4}
   (You bought it in a shop in the Dungeon)

   [ring of positive energy]

   Int+4:     It affects your intelligence (+4).
   rPois:     It protects you from poison.
   rN+:       It protects you from negative energy.
   Will+:     It increases your willpower.
 C - the ring "Joemmu Xorax" {EV+5 Str+3 Int+3 Dex+2}
   (You bought it in a shop in the Dungeon)

   [ring of evasion]

   EV+5:      It affects your evasion (+5).
   Str+3:     It affects your strength (+3).
   Int+3:     It affects your intelligence (+3).
   Dex+2:     It affects your dexterity (+2).
 D - the ring "Emusk" {rN+ Dex+6}
   (You bought it in a shop in the Dungeon)

   [ring of dexterity]

   Dex+6:     It affects your dexterity (+6).
   rN+:       It protects you from negative energy.
 E - the ring of the Iron Devil (right hand) {rPois rC+ Will+}
   (You bought it in a shop in the Dungeon)

   [ring of willpower]

   rC+:       It protects you from cold.
   rPois:     It protects you from poison.
   Will+:     It increases your willpower.
 F - the ring of Esuigro {Fly Dex+7}
   (You bought it in a shop in the Dungeon)

   [ring of flight]

   Dex+7:     It affects your dexterity (+7).
   Fly:       It grants you flight.
 G - the amulet of Geir {Faith Str+6}
   (You bought it in a shop in the Dungeon)

   [amulet of faith]

   Faith:     It allows you to gain divine favour quickly.
   Str+6:     It affects your strength (+6).
 H - the ring of Cyeh {rF+ rC+ MP+9}
   (You bought it in a shop in the Dungeon)

   [ring of protection from cold]

   rF+:       It protects you from fire.
   rC+:       It protects you from cold.
   MP+9:      It affects your magic capacity (+9).
 I - the amulet of Egebe {Faith *Corrode rElec rPois Str+6}
   (You bought it in a shop in the Dungeon)

   [amulet of faith]

   Faith:     It allows you to gain divine favour quickly.
   Str+6:     It affects your strength (+6).
   rElec:     It insulates you from electricity.
   rPois:     It protects you from poison.
   *Corrode:  It may corrode you when you take damage.
 J - the amulet "Himazxen" {rC+ Regen+ Str+6 Int-5}
   (You bought it in a shop in the Dungeon)

   [amulet of regeneration]

   Str+6:     It affects your strength (+6).
   Int-5:     It affects your intelligence (-5).
   rC+:       It protects you from cold.
   Regen+:    It increases your rate of health regeneration.
 K - the ring of Ynygemul {AC+4 Str+4 Int+6}
   (You bought it in a shop in the Dungeon)

   [ring of protection]

   AC+4:      It affects your AC (+4).
   Str+4:     It affects your strength (+4).
   Int+6:     It affects your intelligence (+6).
 L - the ring "Setene Doar" {rElec rN+ Dex+6}
   (You bought it in a shop in the Dungeon)

   [ring of dexterity]

   Dex+6:     It affects your dexterity (+6).
   rElec:     It insulates you from electricity.
   rN+:       It protects you from negative energy.
 M - the ring "Qopiquiss" {rPois rCorr Str+4 Slay+3}
   (You bought it in a shop in the Dungeon)

   [ring of resist corrosion]

   Str+4:     It affects your strength (+4).
   Slay+3:    It affects your accuracy & damage with ranged weapons and melee
   (+3).
   rPois:     It protects you from poison.
   rCorr:     It protects you from acid and corrosion.
 N - the ring of Kobo {Ice Dex+3}
   (You bought it in a shop in the Dungeon)

   [ring of ice]

   Ice:       It enhances your ice magic.
   Dex+3:     It affects your dexterity (+3).
   rF-:       It makes you vulnerable to fire.
   rC+:       It protects you from cold.
 O - the ring "Nacott" (left hand) {^Drain rN+ Str+7 Dex+4}
   (You bought it in a shop in the Dungeon)

   [ring of positive energy]

   Str+7:     It affects your strength (+7).
   Dex+4:     It affects your dexterity (+4).
   rN+:       It protects you from negative energy.
   ^Drain:    It drains your maximum health when unequipped.
Wands
 l - a wand of quicksilver (5)
 m - a wand of iceblast (2) (quivered)
Scrolls
 n - 3 scrolls of fog
 P - 7 scrolls of enchant armour
 Q - 9 scrolls of blinking
Potions
 c - 6 potions of might
 d - 16 potions of curing
 e - 4 potions of mutation
 f - 21 potions of heal wounds
 g - 13 potions of haste
 h - 2 potions of magic
 i - a potion of berserk rage
 k - a potion of resistance
 u - 7 potions of experience
Miscellaneous
 x - a box of beasts


   Skills:
 + Level 18.8 Fighting
 + Level 22.0 Maces & Flails
 + Level 21.4 Armour
 + Level 15.1 Dodging
 + Level 17.8 Shields
 - Level 1.6 Evocations


You had 15 spell levels left.
You didn't know any spells.
Your spell library contained the following spells:

 Spells                   Type           Power      Damage    Failure   Level
 Volatile Blastmotes      Fire/Tloc      0%         2d10      92%         3
 Fulminant Prism          Conj/Alch      0%         3d5       100%        4
 Iskenderun's Mystic Bla  Conj/Tloc      0%         2d3       100%        4
 Haunt                    Necr/Summ      0%         N/A       100%        7
 Borgnjor's Revivificati  Necr           0%         N/A       100%        8
 Chain Lightning          Conj/Air       0%         N/A       100%        9
 Death's Door             Necr           0%         N/A       100%        9
 Fire Storm               Conj/Fire      0%         5d1       100%        9
 Shatter                  Erth           0%         3d5*      100%        9


Dungeon Overview and Level Annotations

Branches:
Dungeon (1/1)

Altars:
Cheibriados
Dithmenos
Fedhas
Gozag
Kikubaaqudgha
Makhleb
Okawaru
Qazlal
Ru
Sif Muna
Trog
Uskayaw
Vehumet
Wu Jian
Xom
Yredelemnul
Zin
The Shining One
Beogh
Lugonu

Shops:
D [=??*?*:[((!!


Innate Abilities, Weirdness & Mutations

Your spellcasting is much less encumbered by armour.
You can use scrolls of enchantment on lesser artefacts.
You are somewhat resistant to further mutation.
Your muscles are strong. (Str +4, Int/Dex -1)


Message History

The catoblepas breathes a plume of calcifying dust at you.
The blast of calcifying dust hits you but does no damage.
The blast of calcifying dust hits the catoblepas.
The catoblepas gores you!
* * * LOW HITPOINT WARNING * * *
You are engulfed in calcifying dust.
The catoblepas breathes a plume of calcifying dust at you.
The blast of calcifying dust hits you but does no damage.
The blast of calcifying dust hits the catoblepas but does no damage.
The catoblepas breathes a plume of calcifying dust at you.
The blast of calcifying dust hits you but does no damage.
The blast of calcifying dust hits the catoblepas but does no damage.
The catoblepas breathes a plume of calcifying dust at you.
The blast of calcifying dust hits you but does no damage.
The blast of calcifying dust hits the catoblepas!
The catoblepas gores you but does no damage.
The catoblepas gores you.
* * * LOW HITPOINT WARNING * * *
The catoblepas gores you but does no damage. x2
You are engulfed in calcifying dust.
The catoblepas breathes a plume of calcifying dust at you.
The blast of calcifying dust hits you but does no damage.
The blast of calcifying dust hits the catoblepas.
The catoblepas gores you but does no damage. x2
The catoblepas gores you!
* * * LOW HITPOINT WARNING * * *
The catoblepas gores you but does no damage.
A catoblepas comes into view.
The catoblepas breathes a plume of calcifying dust at you.
The blast of calcifying dust hits you but does no damage.
The blast of calcifying dust hits the catoblepas.
The catoblepas gores you!
* * * LOW HITPOINT WARNING * * *
The catoblepas breathes a plume of calcifying dust at you.
The blast of calcifying dust hits the catoblepas.
The blast of calcifying dust hits you but does no damage.
The blast of calcifying dust hits the catoblepas!
The catoblepas gores you!!
You die...
Your body crumbles into a pile of gold.

#.....# ##.....## ##∩.....∩##
#∩....[..∩# #_......._#
#..[....._# #_.§§§[...#
###..[.§YYY§### #⌠[.....Y@Y§§⌠#
######.ß[.Y§§YYY.ß(######
##∩___..[[..###§..[.[___∩##
##∩...[....ß.# #.ß[.[..[..∩###
.........Y[..###....[......).##
..........###...###..§.)..).)⌠#
..........# #.<.# #.........)⌠#
.......[..###...###.[...)....⌠#
.............###.............##


You could see 9 catoblepae.

Vanquished Creatures
  A Killer Klown (D)
  Fannar (D)
  A deep elf master archer (D)
  Frances (D)
  An anaconda (D)
  A dire elephant (D)
  5 vault guards (D)
  4 hydras (D)
  A centaur warrior (D)
  A boulder beetle (D)
  A tengu warrior (D)
  7 occultists (D)
  A deep elf knight (D)
  A sun demon (D)
  7 hell knights (D)
  Nergalle (D)
  A sixfirhy (D)
  2 arcanists (D)
  A deep elf archer (D)
  A phantasmal warrior (D)
  5 necromancers (D)
  A wolf spider (D)
  An oklob plant (D)
  A deep elf pyromancer (D)
  A cyclops (D)
  13 ugly things (D)
  A shining eye (D)
  A manticore (D)
  A black mamba (D)
  2 torpor snails (D)
  2 rust devils (D)
  3 kobold demonologists (D)
  2 rime drakes (D)
  2 ice devils (D)
  A red devil (D)
  4 tarantellas (D)
  3 tyrant leeches (D)
  2 glass eyes (D)
  A slime creature (D)
  A jumping spider (D)
  3 culicivoras (D)
  A spriggan (shapeshifter) (D)
  Sigmund (D)
  A shapeshifter (D)
  2 fire elementals (D)
  6 wraiths (D)
  A basilisk (D)
  10 neqoxecs (D)
  A golden eye (D)
  4 redbacks (D)
  2 chaos spawn (D)
  5 water moccasins (D)
  2 ice beasts (D)
  A scorpion (D)
  6 vampire bats (D)
  7 jellies (D)
  Jessica (D)
  A dart slug (D)
  4 ribbon worms (D)
  An adder simulacrum (D)
  3 endoplasms (D)
  A goblin (D)
  A bat simulacrum (D)
153 creatures vanquished.

Notes
Turn   | Place    | Note
-------+----------+-------------------------------------------
     0 | D        | rocky1 the Mountain Dwarf Fighter began the quest for the
                  | Orb.
     0 | D        | Reached XP level 1. HP: 19/19 MP: 1/1
     4 | D        | Found a basalt altar of Yredelemnul.
     4 | D        | Found a glowing silver altar of Zin.
     5 | D        | Found a bloodstained altar of Trog.
     5 | D        | Round 1.
     6 | D        | Found a glowing golden altar of the Shining One.
     6 | D        | Found a hide-covered altar of Uskayaw.
     7 | D        | Found a corrupted altar of Lugonu.
     7 | D        | Found Vodar's Magic Scroll Shop.
     7 | D        | Found Laacsit's Staff Store.
     8 | D        | Found Vetafeg's Magic Scroll Shop.
     8 | D        | Found Maed's Must-Have Magic.
    10 | D        | Found an opulent altar of Gozag.
    11 | D        | Found a blossoming altar of Fedhas.
    12 | D        | Found a sacrificial altar of Ru.
    13 | D        | Found Mudwaap's Distillery.
    15 | D        | Found Futeguusch's Distillery.
    15 | D        | Found Iwiogh's Bottled Wisdom.
    19 | D        | Became a worshipper of Gozag Ym Sagoz the Greedy
    33 | D        | Noticed Sigmund
    37 | D        | Killed Sigmund
    38 | D        | Reached skill level 4 in Maces & Flails
    38 | D        | Reached skill level 1 in Evocations
    38 | D        | Reached XP level 2. HP: 30/31 MP: 2/2
    38 | D        | Reached XP level 3. HP: 37/38 MP: 3/3
    38 | D        | Reached XP level 4. HP: 44/45 MP: 4/4
    38 | D        | Reached XP level 5. HP: 50/51 MP: 5/5
    38 | D        | Found an ornate altar of the Wu Jian Council.
    39 | D        | Found Deuss's Timeless Talismans.
    42 | D        | Found Wopytt's Jewellery.
    42 | D        | Found Toys Nuaci's Advanced Armour.
    49 | D        | Found a burning altar of Makhleb.
    49 | D        | Found a shimmering altar of Xom.
    49 | D        | Found a shimmering blue altar of Sif Muna.
    49 | D        | Found Rigge's Identification Station.
    55 | D        | Bought an ancient copper ring for 45 gold pieces
    55 | D        | Identified the ring of Fyiczeta {rPois rCorr} (You bought
                  | it in a shop in the Dungeon)
    55 | D        | Bought a scorched bone amulet for 45 gold pieces
    55 | D        | Identified the amulet of Pauhe {Reflect rPois rF+ rCorr
                  | Dex-2 SH+5} (You bought it in a shop in the Dungeon)
    55 | D        | Bought a bound granite ring for 45 gold pieces
    55 | D        | Identified the ring of Hoteve {rPois Int+4 Dex+6} (You
                  | bought it in a shop in the Dungeon)
    71 | D        | Found an ancient bone altar of Kikubaaqudgha.
    73 | D        | Found a snail-covered altar of Cheibriados.
    73 | D        | Found a stormy altar of Qazlal.
    76 | D        | Found Wiajez's Premium Goods.
    77 | D        | Found Ahawih's Miscellaneous Merchandise.
    77 | D        | Found Vaoteud's Basic Armour.
    79 | D        | Found a roughly hewn altar of Beogh.
    79 | D        | Found a shadowy altar of Dithmenos.
    79 | D        | Found a radiant altar of Vehumet.
    79 | D        | Found Jedeisk's Weapon Rack.
    85 | D        | Found an iron altar of Okawaru.
    88 | D        | Found Tirif's Do-It-Yourself Clinic.
   115 | D        | Noticed Jessica
   126 | D        | Killed Jessica
   146 | D        | Arena points: 12 (+12) [x2]
   147 | D        | Reached skill level 5 in Maces & Flails
   216 | D        | Round 2.
   229 | D        | Reached XP level 6. HP: 58/61 MP: 6/6
   232 | D        | Reached skill level 6 in Maces & Flails
   334 | D        | Arena points: 54 (+42) [x3]
   345 | D        | Bought a +0 demon whip for 450 gold pieces
   388 | D        | Bought a scroll of brand weapon for 95 gold pieces
   399 | D        | Round 3.
   409 | D        | Reached skill level 7 in Maces & Flails
   453 | D        | Reached skill level 8 in Maces & Flails
   454 | D        | Reached XP level 7. HP: 69/69 MP: 7/7
   483 | D        | Arena points: 138 (+84) [x4]
   546 | D        | Round 4.
   551 | D        | Noticed a rime drake
   556 | D        | Reached skill level 9 in Maces & Flails
   556 | D        | Reached skill level 1 in Dodging
   557 | D        | Killed a rime drake
   558 | D        | Reached skill level 11 in Maces & Flails
   558 | D        | Reached skill level 10 in Shields
   570 | D        | Noticed a rime drake
   575 | D        | Killed a rime drake
   576 | D        | Reached skill level 12 in Maces & Flails
   576 | D        | Reached XP level 8. HP: 78/79 MP: 8/8
   696 | D        | Arena points: 278 (+140) [x5]
   744 | D        | Round 5.
   745 | D        | Bought 8 scrolls of enchant weapon for 600 gold pieces
   746 | D        | Noticed a giant anaconda
   773 | D        | Bought 3 potions of heal wounds for 105 gold pieces
   773 | D        | Bought 3 potions of heal wounds for 105 gold pieces
   773 | D        | Bought 3 potions of heal wounds for 105 gold pieces
   784 | D        | Killed a giant anaconda
   784 | D        | Identified the +3 dire flail "Ughua" {venom, *Rage +Blink
                  | Str+2 SInv} (You found it in the Dungeon)
   784 | D        | Arena points: 523 (+245) [x7]
   785 | D        | Reached skill level 10 in Fighting
   785 | D        | Reached skill level 15 in Maces & Flails
   785 | D        | Reached skill level 10 in Armour
   785 | D        | Reached XP level 9. HP: 32/86 MP: 9/9
   792 | D        | Got a serpentine rune of Zot
   798 | D        | Bought 3 potions of experience for 900 gold pieces
   990 | D        | Round 6.
  1023 | D        | Noticed Nergalle
  1028 | D        | Killed Nergalle
  1029 | D        | Reached skill level 16 in Maces & Flails
  1036 | D        | Reached skill level 17 in Maces & Flails
  1100 | D        | Noticed a phantasmal warrior
  1105 | D        | Killed a phantasmal warrior
  1106 | D        | Reached skill level 18 in Maces & Flails
  1117 | D        | Arena points: 955 (+432) [x8]
  1141 | D        | Bought a faintly glowing buckler for 332 gold pieces
  1141 | D        | Identified the +0 buckler "Tuatz" {rElec rCorr Dex+2} (You
                  | bought it in a shop in the Dungeon)
  1141 | D        | Bought a pair of distressingly furry gloves for 332 gold
                  | pieces
  1141 | D        | Identified the +1 pair of gloves of the Unbroken {SInv}
                  | (You bought it in a shop in the Dungeon)
  1181 | D        | Round 7.
  1187 | D        | Reached XP level 10. HP: 96/96 MP: 10/10
  1188 | D        | Reached skill level 5 in Dodging
  1188 | D        | Reached XP level 11. HP: 102/102 MP: 11/11
  1189 | D        | Reached XP level 12. HP: 110/110 MP: 12/12
  1190 | D        | Reached XP level 13. HP: 119/119 MP: 13/13
  1202 | D        | Reached XP level 14. HP: 127/127 MP: 14/14
  1245 | D        | Arena points: 1459 (+504) [x9]
  1260 | D        | Round 8.
  1285 | D        | Gained mutation: You occasionally lose the ability to drink
                  | potions when taking damage. [a shining eye]
  1390 | D        | Arena points: 2259 (+800) [x10]
  1464 | D        | Round 9.
  1481 | D        | Reached skill level 15 in Armour
  1496 | D        | Bought 4 potions of curing for 84 gold pieces
  1496 | D        | Bought 4 potions of curing for 84 gold pieces
  1496 | D        | Bought 3 potions of heal wounds for 105 gold pieces
  1534 | D        | Arena points: 3150 (+891) [x11]
  1549 | D        | Round 10.
  1663 | D        | Arena points: 3230 (+80) [x1]
  1666 | D        | Got a gossamer rune of Zot
  1757 | D        | Bought 4 potions of curing for 84 gold pieces
  1757 | D        | Bought 4 potions of curing for 84 gold pieces
  1757 | D        | Bought 4 potions of curing for 84 gold pieces
  1757 | D        | Bought 3 potions of heal wounds for 105 gold pieces
  1757 | D        | Bought 3 potions of heal wounds for 105 gold pieces
  1757 | D        | Bought 3 potions of heal wounds for 105 gold pieces
  1757 | D        | Bought 3 potions of heal wounds for 105 gold pieces
  1757 | D        | Bought 3 potions of heal wounds for 105 gold pieces
  1757 | D        | Bought 3 potions of heal wounds for 105 gold pieces
  1757 | D        | Bought 3 potions of heal wounds for 105 gold pieces
  1757 | D        | Bought 3 potions of heal wounds for 105 gold pieces
  1787 | D        | Bought a smoking cloak for 332 gold pieces
  1787 | D        | Identified the +0 cloak of the Amoeba {*Slow rElec rPois
                  | Str+4} (You bought it in a shop in the Dungeon)
  1787 | D        | Bought a brightly glowing helmet for 332 gold pieces
  1787 | D        | Identified the +0 helmet "Azoil" {Str+3 Int+4} (You bought
                  | it in a shop in the Dungeon)
  1787 | D        | Bought a pair of fine boots for 332 gold pieces
  1787 | D        | Identified the +0 pair of boots of Cheibriados's Esteem
                  | {rPois rN+} (You bought it in a shop in the Dungeon)
  1797 | D        | Bought a masterwork cloak for 332 gold pieces
  1797 | D        | Identified the -2 cloak of Absence {rElec rPois Str+3
                  | Dex+2} (You bought it in a shop in the Dungeon)
  1806 | D        | Bought a pair of faintly humming gloves for 332 gold pieces
  1806 | D        | Identified the +1 pair of gloves "Ruleusch" {+Blink rPois
                  | rF+ Int-3 SInv} (You bought it in a shop in the Dungeon)
  1835 | D        | Bought 4 scrolls of enchant armour for 300 gold pieces
  1866 | D        | Round 11.
  1905 | D        | Reached skill level 10 in Dodging
  1931 | D        | Arena points: 3472 (+242) [x2]
  1958 | D        | Round 12.
  2026 | D        | Bought a book of Blasting for 196 gold pieces
  2026 | D        | Bought a Necronomicon for 378 gold pieces
  2026 | D        | Bought a book of Annihilations for 420 gold pieces
  2128 | D        | Arena points: 3904 (+432) [x3]
  2156 | D        | Round 13.
  2187 | D        | Gained mutation: Armour fits poorly on your strangely
                  | shaped body. [a neqoxec]
  2203 | D        | Gained mutation: You occasionally lose the ability to read
                  | scrolls when taking damage. [a neqoxec]
  2245 | D        | Gained mutation: You occasionally shout uncontrollably at
                  | your foes. [a neqoxec]
  2264 | D        | Gained mutation: Your body sometimes deteriorates upon
                  | taking damage. [a neqoxec]
  2276 | D        | Arena points: 4476 (+572) [x4]
  2306 | D        | Bought 3 potions of mutation for 168 gold pieces
  2306 | D        | Bought 2 potions of mutation for 112 gold pieces
  2306 | D        | Bought a potion of mutation for 56 gold pieces
  2306 | D        | Lost mutation: You occasionally lose the ability to drink
                  | potions when taking damage. [potion of mutation]
  2306 | D        | Lost mutation: Your body sometimes deteriorates upon taking
                  | damage. [potion of mutation]
  2306 | D        | Gained mutation: You are frail. (-10% HP) [potion of
                  | mutation]
  2306 | D        | Gained mutation: Your system is resistant to poisons.
                  | (rPois) [potion of mutation]
  2306 | D        | Gained mutation: You are agile. (Dex +4, Str/Int -1)
                  | [potion of mutation]
  2307 | D        | Lost mutation: Your system is resistant to poisons. (rPois)
                  | [potion of mutation]
  2307 | D        | Lost mutation: You are agile. (Dex +4, Str/Int -1) [potion
                  | of mutation]
  2307 | D        | Lost mutation: You are frail. (-10% HP) [potion of
                  | mutation]
  2307 | D        | Gained mutation: You have a pair of small horns on your
                  | head. [potion of mutation]
  2307 | D        | Gained mutation: You are frail. (-10% HP) [potion of
                  | mutation]
  2308 | D        | Lost mutation: You occasionally shout uncontrollably at
                  | your foes. [potion of mutation]
  2308 | D        | Lost mutation: You occasionally lose the ability to read
                  | scrolls when taking damage. [potion of mutation]
  2308 | D        | Gained mutation: Your mind is acute. (Int +4, Str/Dex -1)
                  | [potion of mutation]
  2309 | D        | Lost mutation: You have a pair of small horns on your head.
                  | [potion of mutation]
  2309 | D        | Lost mutation: Your mind is acute. (Int +4, Str/Dex -1)
                  | [potion of mutation]
  2309 | D        | Lost mutation: Armour fits poorly on your strangely shaped
                  | body. [potion of mutation]
  2309 | D        | Gained mutation: You occasionally lose the ability to read
                  | scrolls when taking damage. [potion of mutation]
  2309 | D        | Gained mutation: Your flesh is cold resistant. (rC+)
                  | [potion of mutation]
  2309 | D        | Gained mutation: You have an increased reservoir of magic.
                  | (+10% MP) [potion of mutation]
  2309 | D        | Gained mutation: You have large cloven feet. [potion of
                  | mutation]
  2310 | D        | Lost mutation: You occasionally lose the ability to read
                  | scrolls when taking damage. [potion of mutation]
  2310 | D        | Lost mutation: You have large cloven feet. [potion of
                  | mutation]
  2310 | D        | Lost mutation: Your flesh is cold resistant. (rC+) [potion
                  | of mutation]
  2310 | D        | Gained mutation: You have hidden genetic potential. [potion
                  | of mutation]
  2310 | D        | Lost mutation: You are frail. (-10% HP) [potion of
                  | mutation]
  2310 | D        | Gained mutation: You have a pair of small horns on your
                  | head. [potion of mutation]
  2311 | D        | Lost mutation: You have a pair of small horns on your head.
                  | [potion of mutation]
  2311 | D        | Lost mutation: You have an increased reservoir of magic.
                  | (+10% MP) [potion of mutation]
  2311 | D        | Lost mutation: You have hidden genetic potential. [potion
                  | of mutation]
  2311 | D        | Gained mutation: You are covered in fur. (AC +1) [potion of
                  | mutation]
  2311 | D        | Gained mutation: You are partially covered in iridescent
                  | scales. (AC +2) [potion of mutation]
  2314 | D        | Bought a potion of heal wounds for 35 gold pieces
  2314 | D        | Bought a potion of heal wounds for 35 gold pieces
  2314 | D        | Bought 6 potions of might for 168 gold pieces
  2314 | D        | Bought 5 potions of haste for 350 gold pieces
  2343 | D        | Round 14.
  2354 | D        | Noticed Frances
  2371 | D        | HP: 2/129 [Frances/iron shot (24)]
  2372 | D        | Gained mutation: You have hidden genetic defects. [a
                  | neqoxec]
  2379 | D        | Killed Frances
  2501 | D        | Arena points: 5456 (+980) [x5]
  2541 | D        | Bought 3 potions of mutation for 168 gold pieces
  2541 | D        | Bought 2 potions of mutation for 112 gold pieces
  2541 | D        | Bought a potion of mutation for 56 gold pieces
  2541 | D        | Lost mutation: You are covered in fur. (AC +1) [potion of
                  | mutation]
  2541 | D        | Lost mutation: You have hidden genetic defects. [potion of
                  | mutation]
  2541 | D        | Gained mutation: Armour fits poorly on your strangely
                  | shaped body. [potion of mutation]
  2541 | D        | Gained mutation: You are clumsy. (Dex -2) [potion of
                  | mutation]
  2542 | D        | Lost mutation: Armour fits poorly on your strangely shaped
                  | body. [potion of mutation]
  2542 | D        | Lost mutation: You are partially covered in iridescent
                  | scales. (AC +2) [potion of mutation]
  2542 | D        | Lost mutation: You are clumsy. (Dex -2) [potion of
                  | mutation]
  2542 | D        | Gained mutation: Your muscles are strong. (Str +4, Int/Dex
                  | -1) [potion of mutation]
  2542 | D        | Gained mutation: You are somewhat resistant to further
                  | mutation. [potion of mutation]
  2553 | D        | Round 15.
  2639 | D        | Noticed a deep elf master archer
  2652 | D        | Killed a deep elf master archer
  2652 | D        | Noticed Fannar
  2682 | D        | Killed Fannar
  2682 | D        | Arena points: 6611 (+1155) [x7]
  2683 | D        | Reached skill level 19 in Maces & Flails
  2686 | D        | Got an elven rune of Zot
  2719 | D        | Bought a distressingly furry tower shield for 332 gold
                  | pieces
  2719 | D        | Identified the +8 tower shield of the Lily {rN++ Dex+2}
                  | (You bought it in a shop in the Dungeon)
  2719 | D        | Bought an ichor-stained kite shield for 332 gold pieces
  2719 | D        | Identified the +2 kite shield of Dim Light {Will+} (You
                  | bought it in a shop in the Dungeon)
  2719 | D        | Bought a transparent buckler for 332 gold pieces
  2719 | D        | Identified the +2 buckler of Lust {rPois rC+ Dex-2 SInv}
                  | (You bought it in a shop in the Dungeon)
  2719 | D        | Bought a faintly humming hat for 315 gold pieces
  2719 | D        | Identified the +3 hat of Music {Rampage rF+ rC+ Slay-3}
                  | (You bought it in a shop in the Dungeon)
  2735 | D        | Bought a clouded silver ring for 45 gold pieces
  2735 | D        | Identified the ring "Cior" {rPois rN+ Will+ Int+4} (You
                  | bought it in a shop in the Dungeon)
  2735 | D        | Bought a shimmering glass ring for 45 gold pieces
  2735 | D        | Identified the ring "Joemmu Xorax" {EV+5 Str+3 Int+3 Dex+2}
                  | (You bought it in a shop in the Dungeon)
  2735 | D        | Bought a bound golden ring for 45 gold pieces
  2735 | D        | Identified the ring "Emusk" {rN+ Dex+6} (You bought it in a
                  | shop in the Dungeon)
  2735 | D        | Bought a scorched amber ring for 45 gold pieces
  2735 | D        | Identified the ring of the Iron Devil {rPois rC+ Will+}
                  | (You bought it in a shop in the Dungeon)
  2735 | D        | Bought a crude platinum ring for 45 gold pieces
  2735 | D        | Identified the ring of Esuigro {Fly Dex+7} (You bought it
                  | in a shop in the Dungeon)
  2735 | D        | Bought a heavily runed platinum amulet for 45 gold pieces
  2735 | D        | Identified the amulet of Geir {Faith Str+6} (You bought it
                  | in a shop in the Dungeon)
  2735 | D        | Bought an ancient bronze ring for 45 gold pieces
  2735 | D        | Identified the ring of Cyeh {rF+ rC+ MP+9} (You bought it
                  | in a shop in the Dungeon)
  2735 | D        | Bought a translucent lead amulet for 45 gold pieces
  2735 | D        | Identified the amulet of Egebe {Faith *Corrode rElec rPois
                  | Str+6} (You bought it in a shop in the Dungeon)
  2735 | D        | Bought a fine amethyst amulet for 45 gold pieces
  2735 | D        | Identified the amulet "Himazxen" {rC+ Regen+ Str+6 Int-5}
                  | (You bought it in a shop in the Dungeon)
  2735 | D        | Bought a scintillating pewter ring for 45 gold pieces
  2735 | D        | Identified the ring of Ynygemul {AC+4 Str+4 Int+6} (You
                  | bought it in a shop in the Dungeon)
  2735 | D        | Bought a serpentine wooden ring for 45 gold pieces
  2735 | D        | Identified the ring "Setene Doar" {rElec rN+ Dex+6} (You
                  | bought it in a shop in the Dungeon)
  2735 | D        | Bought a twitching turquoise ring for 45 gold pieces
  2735 | D        | Identified the ring "Qopiquiss" {rPois rCorr Str+4 Slay+3}
                  | (You bought it in a shop in the Dungeon)
  2735 | D        | Bought a pitted steel ring for 45 gold pieces
  2735 | D        | Identified the ring of Kobo {Ice Dex+3} (You bought it in a
                  | shop in the Dungeon)
  2735 | D        | Bought a glittering iron ring for 45 gold pieces
  2735 | D        | Identified the ring "Nacott" {^Drain rN+ Str+7 Dex+4} (You
                  | bought it in a shop in the Dungeon)
  2762 | D        | Bought 4 scrolls of enchant armour for 300 gold pieces
  2768 | D        | Bought 4 scrolls of enchant armour for 300 gold pieces
  2768 | D        | Bought 5 scrolls of blinking for 375 gold pieces
  2768 | D        | Bought 4 scrolls of blinking for 300 gold pieces
  2768 | D        | Bought 4 scrolls of enchant armour for 300 gold pieces
  2856 | D        | Round 16.
  2955 | D        | Reached skill level 15 in Fighting
  2977 | D        | Reached skill level 15 in Shields
  2989 | D        | Reached XP level 15. HP: 118/141 MP: 15/15
  2989 | D        | Arena points: 8403 (+1792) [x8]
  3047 | D        | Bought +0 gold dragon scales for 960 gold pieces
  3051 | D        | Round 17.
  3066 | D        | Reached skill level 20 in Maces & Flails
  3089 | D        | Noticed a Killer Klown
  3103 | D        | Killed a Killer Klown
  3127 | D        | Arena points: 10392 (+1989) [x9]
  3146 | D        | Round 18.
  3156 | D        | Reached XP level 16. HP: 37/155 MP: 16/16
  3182 | D        | Bought 3 potions of experience for 900 gold pieces
  3182 | D        | Bought 2 potions of experience for 600 gold pieces
  3182 | D        | Bought a potion of experience for 300 gold pieces
  3182 | D        | Bought a potion of experience for 300 gold pieces
  3190 | D        | Bought 4 potions of haste for 280 gold pieces
  3190 | D        | Bought 3 potions of haste for 210 gold pieces
  3202 | D        | Reached skill level 21 in Maces & Flails
  3278 | D        | HP: 6/157 [hell knight/+1 demon blade (19)]
  3292 | D        | Reached skill level 15 in Dodging
  3336 | D        | Reached skill level 22 in Maces & Flails
  3354 | D        | Arena points: 10680 (+288) [x1]
  3369 | D        | Round 19.
  3386 | D        | HP: 7/159 [catoblepas (8)]
  3386 | D        | Slain by a catoblepas

Illustrated notes

Levels and vault maps discovered:
D:        arena_sprint

Skill      XL: |  1  2  3  4  5  6  7  8  9 10 11 12 13 14 15 16 |
---------------+-------------------------------------------------+-----
Fighting       | 6 7 8 9 10 11 12 15 17 18 | 18.8
Maces & Flails | 4 5 8 12 15 18 19 20 22 | 22.0
Armour         | 7 8 9 10 11 12 13 21 | 21.4
Shields        | 7 8 9 10 11 12 15 16 17 | 17.8
Evocations     | 1 |  1.6
Dodging        | 1 2 4 5 6 14 15 | 15.1

Action                     |  1- 3 |  4- 6 |  7- 9 | 10-12 | 13-15 | 16-18 || total
---------------------------+-------+-------+-------+-------+-------+-------++-------
  Melee: Flail             |     2 |    28 |       |       |       |       ||    30
         Demon whip        |       |    14 |    58 |       |   402 |    65 ||   539
  Evoke: Wand              |     3 |       |       |       |       |       ||     3
    Use: Scroll            |       |     1 |    10 |       |    11 |       ||    22
         Potion            |       |       |    10 |     3 |    27 |     3 ||    43
   Stab: Distracted        |       |       |       |       |     2 |       ||     2
 Armour: Scale mail        |     3 |    16 |    52 |       |   189 |       ||   260
         Skin              |       |       |       |       |    14 |    20 ||    34
         Gold dragon scale |       |       |       |       |       |    47 ||    47
  Dodge: Dodged            |     1 |    11 |    12 |       |   172 |    19 ||   215
  Block: Buckler           |     1 |    21 |    28 |       |   185 |    15 ||   250
         Reflection        |       |       |     2 |       |     9 |       ||    11
         Tower shield      |       |       |       |       |       |     2 ||     2

Table legend: (Time is in decaauts)
 A = Elapsed time spent in this place.
 B = Non-inter-level travel time spent in this place.
 C = Inter-level travel time spent in this place.
 D = Time resting spent in this place.
 E = Time spent auto-exploring this place.
 F = Levels seen in this place.
 G = Mean time per level.
                   A        B        C        D        E       F      G
               +--------+--------+--------+--------+--------+-----+--------+
         Total |   3222 |   3222 |      0 |    865 |     68 |   1 | 3222.0 |
       Dungeon |   3222 |   3222 |      0 |    865 |     68 |   1 | 3222.0 |
               +--------+--------+--------+--------+--------+-----+--------+

Top non-repeatable levels by time:
       D: 3222 daAuts
